 Dungeon Crawl Stone Soup version 0.29-a0-284-gf9362112df (webtiles) character file.

Game seed: 1716577051437636706

1918 bande the Chopper (level 9, -3/55 HPs)
             Began as a Gargoyle Fighter on Mar 23, 2022.
             Was a Believer of Okawaru.
             Slain by a yak (12 damage)
             ... on level 5 of the Dungeon.
             The game lasted 00:08:59 (7884 turns).

bande the Chopper (Gargoyle Fighter)                Turns: 7884, Time: 00:08:59

Health: -3/55      AC: 16    Str: 19 (21) XL:     9   Next: 16%
Magic:  12/12      EV:  7    Int:  6 (8)  God:    Okawaru [**....]
Gold:   294        SH:  5    Dex: 11 (13) Spells: 8/8 levels left

rFire   . . .      SeeInvis .   a - +1 war axe
rCold   . . .      Faith    .   c - +0 buckler
rNeg    + + .      Spirit   .   h - +0 chain mail
rPois   ∞          Reflect  .   (no helmet)
rElec   +          Harm     .   (no cloak)
rCorr   .          Rampage  .   (no gloves)
Will    .....                   (no boots)
Stlth   ..........              (no amulet)
HPRegen 0.18/turn               f - ring of positive energy
MPRegen 0.13/turn               (no ring)

@: no status effects
A: sickness immunity, AC +6, negative energy resistance 1, electricity
resistance, torment resistance 1, petrification resistance
a: Renounce Religion, Heroism


You were on level 5 of the Dungeon.
You worshipped Okawaru.
Okawaru was pleased with you.
You visited 2 branches of the dungeon, and saw 6 of its levels.

You collected 294 gold pieces.

Inventory:

Hand Weapons
 a - a +1 war axe (weapon)
 g - a +0 flail
Armour
 c - a +0 buckler (worn)
 h - a +0 chain mail (worn)
Jewellery
 f - a ring of positive energy (left hand)
Wands
 d - a wand of mindburst (8)
Scrolls
 i - a scroll of teleportation
 m - a scroll of identify
Potions
 e - 4 potions of brilliance
 k - a potion of resistance {unknown}
 l - a potion of magic
 n - a potion of heal wounds {unknown}


   Skills:
 + Level 5.9 Fighting
 + Level 7.1 Axes
 + Level 6.8 Armour
 + Level 4.6 Shields
 * Level 4.2 Invocations
 * Level 1.0 Evocations


You had 8 spell levels left.
You didn't know any spells.
Your spell library contained the following spells:

 Spells                   Type           Power      Damage    Failure   Level
 Apportation              Tloc           0%         N/A       99%         1
 Beastly Appendage        Tmut           0%         N/A       99%         1
 Foxfire                  Conj/Fire      0%         2x1d4     99%         1
 Wereblood                Tmut           0%         N/A       100%        2
 Conjure Flame            Conj/Fire      0%         6-21      100%        3
 Inner Flame              Hex/Fire       0%         N/A       100%        3
 Portal Projectile        Hex/Tloc       0%         N/A       100%        3
 Spider Form              Tmut/Pois      0%         N/A       100%        3
 Flame Wave               Conj/Fire      0%         2d4       100%        4
 Alistair's Intoxication  Tmut/Pois      0%         N/A       100%        5
 Blade Hands              Tmut           0%         N/A       100%        5
 Excruciating Wounds      Necr           0%         N/A       100%        5


Dungeon Overview and Level Annotations

Branches:
Dungeon (5/15)             Temple (1/1) D:4

Altars:
Ashenzari
Cheibriados
Dithmenos
Gozag
Hepliaklqana
Makhleb
Nemelex Xobeh
Okawaru
Qazlal
Ru
Sif Muna
Trog
Uskayaw
Vehumet
Wu Jian
Xom
Yredelemnul
Zin
The Shining One


Innate Abilities, Weirdness & Mutations

You are immune to sickness and miasma.
Your stone body is resilient. (AC +6)
You are immune to poison.
You resist negative energy. (rN+)
You are resistant to electric shocks. (rElec)
You are resistant to unholy torment.
You are immune to petrification.


Message History

You are too injured to fight recklessly!
You are too injured to fight recklessly!
You are too injured to fight recklessly!
You are too injured to fight recklessly!
You are too injured to fight recklessly!
You are too injured to fight recklessly!
You are too injured to fight recklessly!
You are too injured to fight recklessly!
You are too injured to fight recklessly!
The yak bellows!
You hit the yak.
The yak is severely wounded.
The yak gores you!
* * * LOW HITPOINT WARNING * * *
You slice the yak!!
You kill the yak!
Okawaru is honoured by your kill.
Your Evocations skill increases to level 1!
You hit the yak.
The yak is lightly wounded.
The yak gores you but does no damage.
It was a potion of magic.
Magic courses through your body. The yak gores you!
* * * LOW HITPOINT WARNING * * *
You slash the yak!
The yak is moderately wounded.
The yak barely misses you.
You hit the yak but do no damage.
The yak is moderately wounded.
The yak barely misses you. The yak gores you.
* * * LOW HITPOINT WARNING * * *
You hit the yak.
The yak is heavily wounded.
You block the yak's attack.
You are too injured to fight recklessly!
You feel better. The yak gores you but does no damage.
It was a potion of degeneration.
There was something very wrong with that liquid.
You feel weakened.
You feel dopey.
You feel clumsy. The yak gores you!
You die...

### #.##### #
##.##.# .. ###
##...## ..
#.#####...##
#. #..##.....#
#Y ##...###..#
#YY#####.####
##.#
#YY@....##
##.#
########.#
##.## #####
#.# ##.##
#...# #.###.##
###.##
###....##
##.####......#
#.##..####.##
##.#..## ##.#
####..#^.# #.#


You could see 5 yaks.

Vanquished Creatures
  Sigmund (D:2)
  4 yaks (D:5)
  Duvessa (D:4)
  A black bear (D:3)
  2 ogres
  A centaur (D:5)
  A kobold brigand (D:4)
  A necrophage (D:5)
  4 scorpions
  Dowan (D:4)
  A jelly (D:4)
  2 orc wizards (D:5)
  3 iguanas
  4 gnolls
  7 adders
  A worm (D:2)
  4 dart slugs
  8 orcs (D:5)
  5 ball pythons
  7 endoplasms
  A giant cockroach (D:3)
  6 hobgoblins
  4 jackals (D:1)
  3 quokkas
  5 bats
  6 frilled lizards
  8 goblins
  7 kobolds
  A rat (D:2)
100 creatures vanquished.

Notes
Turn   | Place    | Note
-------+----------+-------------------------------------------
     0 | D:1      | bande the Gargoyle Fighter began the quest for the Orb.
     0 | D:1      | Reached XP level 1. HP: 14/14 MP: 1/1
    29 | D:1      | Reached XP level 2. HP: 12/19 MP: 2/2
   173 | D:1      | You fall into a shaft and drop 1 floor!
   176 | D:2      | Reached skill level 2 in Axes
   339 | D:1      | Found a faded altar of an unknown god.
   358 | D:1      | Reached XP level 3. HP: 24/24 MP: 3/3
  1246 | D:2      | Reached XP level 4. HP: 27/29 MP: 4/4
  1434 | D:2      | Noticed Sigmund
  1445 | D:2      | Killed Sigmund
  1446 | D:2      | Reached skill level 4 in Axes
  1446 | D:2      | Reached XP level 5. HP: 18/34 MP: 5/5
  1446 | D:2      | Reached XP level 6. HP: 21/39 MP: 6/6
  2036 | D:3      | Found a radiant altar of Vehumet.
  2614 | D:4      | Noticed a black bear
  2632 | D:3      | Killed a black bear
  3097 | D:4      | Found a staircase to the Ecumenical Temple.
  3119 | Temple   | Entered the Ecumenical Temple
  3360 | Temple   | Became a worshipper of Warmaster Okawaru
  3423 | D:4      | Reached XP level 7. HP: 27/44 MP: 7/7
  3918 | D:4      | Reached skill level 5 in Fighting
  3918 | D:4      | Reached skill level 5 in Axes
  3918 | D:4      | Reached skill level 5 in Armour
  4406 | D:4      | Reached skill level 1 in Invocations
  4485 | D:4      | Noticed Duvessa
  4862 | D:4      | Killed Duvessa
  5180 | D:4      | Noticed Dowan
  5194 | D:4      | Killed Dowan
  5545 | D:4      | Reached * piety under Okawaru
  5546 | D:4      | Reached XP level 8. HP: 49/49 MP: 9/9
  6203 | D:5      | Entered Level 5 of the Dungeon
  6699 | D:5      | Reached skill level 6 in Axes
  6833 | D:5      | Noticed a yak
  6834 | D:5      | Noticed a yak
  6844 | D:5      | Noticed a yak
  6854 | D:5      | Killed a yak
  6865 | D:5      | Killed a yak
  6865 | D:5      | Reached ** piety under Okawaru
  6868 | D:5      | Killed a yak
  7510 | D:5      | Reached XP level 9. HP: 38/55 MP: 11/11
  7728 | D:5      | Reached skill level 7 in Axes
  7878 | D:5      | Reached skill level 1 in Evocations
  7884 | D:5      | Slain by a yak

Illustrated notes

Levels and vault maps discovered:
D:1:      scummos_arrival_star, layout_loops_ring,
          ebering_ecumenical_altar_abandoned, nrook_loot_triangle,
          grunt_decor_resistance, minmay_fountain_box, minmay_misc_feat_rugged,
          chequers_serial_rivers_micro_b, wander_ebering_terrifying_dragon_lair
D:2:      layout_basic, uniq_sigmund
D:3:      layout_loops_ring, lemuel_crystal_altar, serial_aquarium,
          aquarium_bridge_long_separate [aquarium_subvault_wall,
          aquarium_subvault_bridge, aquarium_subvault_window,
          aquarium_subvault_bridge, aquarium_subvault_wall,
          aquarium_subvault_bridge], aquarium_window_1, aquarium_window_1,
          aquarium_window_fake, aquarium_window_corner, aquarium_view_2b,
          aquarium_view_2f, aquarium_pool_2
D:4:      layout_gridville, minmay_temple_entry_mini_moons,
          minmay_misc_feat_doors, uniq_duvessa
D:5:      layout_layer_cave
Temple:   mainiacjoe_temple_starburst

Skill      XL: |  1  2  3  4  5  6  7  8  9 |
---------------+----------------------------+-----
Axes           | 2 4 5 6 7 |  7.1
Fighting       | 4 5 |  5.9
Armour         | 4 5 6 |  6.8
Shields        | 4 |  4.6
Invocations    | 2 3 4 |  4.2
Evocations     | 1 |  1.0

Action                   |  1- 3 |  4- 6 |  7- 9 || total
-------------------------+-------+-------+-------++-------
Melee: War axe           |    68 |    95 |   181 ||   344
  Use: Scroll            |     3 |     3 |     2 ||     8
       Potion            |       |     1 |     5 ||     6
Armor: Scale mail        |    15 |       |       ||    15
       Chain mail        |    17 |    83 |   105 ||   205
Dodge: Dodged            |    30 |    48 |    50 ||   128
Block: Buckler           |    16 |    14 |    35 ||    65

Table legend: (Time is in decaauts)
 A = Elapsed time spent in this place.
 B = Non-inter-level travel time spent in this place.
 C = Inter-level travel time spent in this place.
 D = Time resting spent in this place.
 E = Time spent auto-exploring this place.
 F = Levels seen in this place.
 G = Mean time per level.
                   A        B        C        D        E       F      G
               +--------+--------+--------+--------+--------+-----+--------+
         Total |   8015 |   7850 |    165 |   2811 |   4049 |   6 | 1335.8 |
       Dungeon |   6860 |   6750 |    110 |   1982 |   3819 |   5 | 1372.0 |
        Temple |   1155 |   1100 |     55 |    829 |    230 |   1 | 1155.0 |
               +--------+--------+--------+--------+--------+-----+--------+

Top non-repeatable levels by time:
     D:4: 2102 daAuts
     D:5: 1699 daAuts
     D:1: 1208 daAuts
     D:3: 1171 daAuts
  Temple: 1155 daAuts
     D:2: 679 daAuts
